[Event "BL 2024-25"]
[Site "Austria"]
[Date "2024.10.10"]
[Round "2.1"]
[White "Demchenko, Anton"]
[Black "Dragnev, Valentin"]
[Result "1-0"]
[Annotator "TA"]
[ECO "C54"]
[WhiteElo "2602"]
[BlackElo "2562"]
[PlyCount "73"]
[EventDate "2024.08.28"]
[EventType "team-tourn"]
[EventCountry "AUT"]
[SourceTitle "playchess.com"]
[Source "ChessBase"]
[SourceQuality "1"]
[WhiteTeam "Frauental"]
[BlackTeam "Ottakring"]
[TimeControl "40/5400+30:1800+30"]

1. e4 e5 2. Nf3 Nc6 3. Bc4 Bc5 4. c3 Nf6 5. d3 a6 6. O-O Ba7 7. Nbd2 O-O 8. Re1 Re8 9. a4 {[%emt 0:01:55] White has an edge.} d6 10. Nf1 Be6 11. Bg5 h6 12. Bh4 Bxc4 13. dxc4 Re6 14. Qc2 g5 15. Bg3 Ne7 16. Ne3 Bxe3 17. fxe3 (17. Rxe3 $11 Ng6 18. Ree1) 17... Qd7 18. a5 Qc6 19. Nd2 Rf8 20. b4 Nh5 21. Rf1 Ng7 22. Qd3 Qe8 23. Rab1 Kh8 24. c5 dxc5 25. Nb3 c4 26. Qxc4 $16 Rc6 27. Qe2 {[%emt 0:02:11] White has more active pieces.} Ng6 28. b5 (28. c4 $16) 28... Rxc3 $2 {[%emt 0:02:10][%mdl 8192] [#] This move loses the game for Black.} (28... axb5 $1 $11 {and Black stays safe.} 29. Qxb5 b6) 29. Be1 $18 ({Weaker is} 29. bxa6 bxa6 30. Be1 (30. Qxa6 Qa4 $11) 30... Rc6 $14) 29... Rxb3 30. Rxb3 axb5 31. Qxb5 {[%emt 0:00:59] White is clearly winning.} Qxb5 32. Rxb5 b6 33. axb6 cxb6 34. Bb4 Rc8 35. Rxf7 Rc4 36. Rxb6 Kg8 37. Rff6 {[%emt 0:01:36] Weighted Error Value: White=0.11 (very precise) /Black=0.39.  Loses game:     	---       	Black=1      Mistake:       	White=2     	Black=1      Inaccurate:     	White=1     	Black=5      OK:         	White=9     	Black=8      Best:        	White=4     	---} 1-0

[Event "BL 2024-25"]
[Site "Austria"]
[Date "2024.10.10"]
[Round "2.2"]
[White "Papp, Gabor"]
[Black "Krivoborodov, Egor"]
[Result "1/2-1/2"]
[Annotator "TA"]
[ECO "B36"]
[WhiteElo "2508"]
[BlackElo "2555"]
[PlyCount "141"]
[EventDate "2024.08.28"]
[EventType "team-tourn"]
[EventCountry "AUT"]
[SourceTitle "playchess.com"]
[Source "ChessBase"]
[SourceQuality "1"]
[WhiteTeam "Ottakring"]
[BlackTeam "Frauental"]
[TimeControl "40/5400+30:1800+30"]

1. e4 c5 2. Nf3 g6 3. d4 cxd4 4. Nxd4 Nc6 5. c4 Nf6 6. Nc3 Nxd4 7. Qxd4 d6 8. Be2 Bg7 9. Be3 O-O 10. Qd3 Nd7 {[%emt 0:19:38] B36: Sicilian: Maroczy Bind: Gurgenidze System.} 11. O-O Nc5 12. Qc2 Bxc3 13. Qxc3 Nxe4 14. Qd4 Nf6 15. Rad1 $146 ({Predecessor:} 15. Bg5 Qb6 16. Bxf6 exf6 17. Qxf6 Be6 18. Rfd1 Rfe8 19. Kf1 d5 20. Rd2 dxc4 21. Rad1 {0-1 Lee,M (2382)-Belous,V (2518) Seattle Summer 2021 (5)}) 15... b6 16. Qh4 Bb7 17. Rd4 Re8 18. Rfd1 Nd7 19. Qh6 Nf8 20. h4 Ne6 21. Rg4 Ng7 22. Bd3 Qd7 23. Rg5 e5 24. h5 Re6 25. hxg6 fxg6 26. Qh3 Qf7 27. Bc2 Rf6 28. b4 Re8 (28... Qxc4 $2 29. Bb3 $18) 29. Qh4 Ne6 {[%emt 0:01:22] [#]} (29... Ree6 $11) 30. c5 $1 $16 bxc5 (30... dxc5 $2 31. Rxe5 Bc8 32. bxc5 $18) 31. bxc5 Nxg5 (31... Nxc5 $2 32. Bxc5 d5 33. Bb3 $18 (33. Bxa7 Ba6 $18)) 32. Bxg5 Rf4 33. Bxf4 Qxf4 34. Qxf4 exf4 35. Rxd6 (35. cxd6 $16 {Hoping for Ba4.} Kf7 36. d7) 35... Be4 36. Bb3+ Kg7 37. Rd7+ Kf6 38. c6 (38. Rxa7 Rc8 $16) 38... Bf5 (38... Re7 $11) 39. Rxa7 Re1+ 40. Kh2 Rc1 41. Rf7+ Ke5 42. Rxh7 Rxc6 43. Rb7 g5 44. Rb5+ Kf6 45. f3 g4 46. fxg4 Bxg4 47. Rb8 Ke5 48. Re8+ Kd4 49. Rg8 Be2 50. Kg1 Bd3 51. Rd8+ Ke3 52. Re8+ Kd4 ({But not} 52... Be4 $2 53. Bd5 Rd6 54. Rxe4+ $18 (54. Bxe4 Kd2 $18)) 53. Rd8+ Ke3 54. Re8+ Kd4 ({Don't blunder} 54... Be4 $2 55. Bd5 Rd6 56. Rxe4+ $18 (56. Bxe4 Rd1+ 57. Kh2 Rd6 $18)) 55. Kf2 Be4 56. Rf8 Ke5 57. Re8+ Kd4 58. Bd1 Rc3 59. Rd8+ Ke5 60. Re8+ Kd4 61. Rd8+ Ke5 62. Rd2 Bd5 63. Rb2 Rd3 64. Bb3 Be4 65. Bc4 Rg3 66. Bf1 Ra3 67. Rb5+ Kd4 68. Rb4+ Ke5 69. Rb5+ Kd4 70. Rb4+ Ke5 71. Rb5+ 1/2-1/2

[Event "BL 2024-25"]
[Site "Austria"]
[Date "2024.10.10"]
[Round "2.3"]
[White "Tratar, Marko"]
[Black "Peyrer, Konstantin"]
[Result "0-1"]
[Annotator "TA"]
[ECO "A13"]
[WhiteElo "2374"]
[BlackElo "2415"]
[PlyCount "76"]
[EventDate "2024.08.28"]
[EventType "team-tourn"]
[EventCountry "AUT"]
[SourceTitle "playchess.com"]
[Source "ChessBase"]
[SourceQuality "1"]
[WhiteTeam "Frauental"]
[BlackTeam "Ottakring"]
[TimeControl "40/5400+30:1800+30"]

1. Nf3 Nf6 2. c4 e6 3. b3 d5 4. Bb2 c5 5. cxd5 exd5 6. g3 Nc6 7. Bg2 Bd6 8. O-O {[%emt 0:04:04] The position is equal.} Bg4 9. d4 O-O 10. Ne5 {[%emt 0:44:43] Threatening Nxg4.} Bh5 11. Nxc6 bxc6 12. Nd2 cxd4 13. Bxd4 Re8 14. Bf3 {[%emt 0:00:21] Strongly threatening Bxf6.} Bxf3 15. Nxf3 Ne4 16. Nd2 Qd7 17. Kg2 {[%emt 0:00:19] Against Qh3+} Ng5 {[%emt 0:00:18] With the idea ...c5.} 18. f4 (18. Rc1 $11) 18... Ne4 19. Rc1 Rac8 20. Rf3 (20. Nxe4 $15 Rxe4 21. Bf2) 20... c5 21. Bb2 Qf5 22. Rc2 Rcd8 {[%emt 0:04:16] Black is more active.} 23. Rd3 Nxd2 24. Rcxd2 Qe4+ 25. Rf3 (25. Kf2 $1 $11 {keeps the balance.}) 25... Bc7 26. Rc2 Bb6 27. Qd3 Qe7 28. Bc1 Qb7 29. Ba3 Rc8 30. Qb5 a6 31. Qd3 {[%emt 0:00:03] [#]} Qc6 $2 {[%emt 0:04:04] Inhibits f5.} ({Black should play} 31... Re4 $1 $17 32. Bb2 Rce8) 32. Bb2 (32. Bxc5 $1 $11 {remains equal.} a5 (32... Bxc5 33. b4 $14) 33. a3) 32... c4 $36 {[%emt 0:00:55][%mdl 2048] Black has strong initiative.} 33. Qd1 {[%emt 0:00:34] [#]} (33. Qc3 $17 {keeps fighting.} f6 34. Qd2) 33... Re4 $1 $19 34. Rd2 (34. Bc1 $142) 34... Rce8 {[%emt 0:00:14][%cal Od5d4] White must now prevent ...d4!} 35. Rc2 $2 (35. bxc4 dxc4 36. Bc3) 35... Qe6 36. e3 Bxe3 37. f5 Qc6 {[%emt 0:31:11] Hoping for ...Bc5.} 38. Re2 $2 {[%emt 0:00:48] [#]} (38. bxc4 Rxc4 (38... dxc4 $2 39. Bc3 $19) 39. Rxc4 Qxc4 (39... dxc4 $2 40. Bc3 $19) 40. Kh3) 38... Bc1 $1 {[%emt 0:00:00][%mdl 512] Weighted Error Value: White=0.48/Black=0.12 (very precise) .  Mistake:       	White=8     	Black=1      Inaccurate:     	White=2     	Black=3      OK:         	White=7     	Black=14     Best:        	White=1     	Black=2      Strong:       	---       	Black=1} 0-1

[Event "BL 2024-25"]
[Site "Austria"]
[Date "2024.10.10"]
[Round "2.4"]
[White "Froewis, Georg"]
[Black "Mohr, Georg"]
[Result "1-0"]
[Annotator "TA"]
[ECO "A40"]
[WhiteElo "2429"]
[BlackElo "2381"]
[PlyCount "125"]
[EventDate "2024.08.28"]
[EventType "team-tourn"]
[EventCountry "AUT"]
[SourceTitle "playchess.com"]
[Source "ChessBase"]
[SourceQuality "1"]
[WhiteTeam "Ottakring"]
[BlackTeam "Frauental"]
[TimeControl "40/5400+30:1800+30"]

1. Nf3 c5 2. c4 g6 3. e4 Bg7 4. d4 cxd4 5. Nxd4 Qb6 6. Nb3 Nc6 7. Be3 {[%emt 0:00:50] A40: Unusual replies to 1 d4.} Qd8 8. Qd2 Nf6 9. f3 d6 10. Nc3 O-O 11. Be2 a5 12. Na4 {[%emt 0:03:09] 12.Nd4 is a critical line.} Be6 13. Nb6 Ra7 14. Nd5 Ra8 15. Bb6 Qc8 $146 ({Predecessor:} 15... Qd7 16. Nxa5 Nxa5 17. Bxa5 Bxd5 18. cxd5 Nh5 19. Bb6 f5 20. O-O fxe4 21. fxe4 Nf4 22. Rxf4 Rxf4 23. Qxf4 Bxb2 {1-0 Ladopoulos,D (2335)-Gatterer,F (2167) Titled Tuesday intern op 05th Jul Late blitz 2022 (2)}) 16. Nc7 Rb8 17. Nxa5 Nd7 18. Nxc6 bxc6 19. Nxe6 fxe6 20. Bd4 Bxd4 21. Qxd4 e5 22. Qc3 Qb7 23. Rb1 Qa7 24. b4 Nc5 25. Rd1 (25. a3 $14) 25... Na4 (25... Ne6 $11) 26. Qd2 $16 c5 27. b5 Nb6 28. O-O Ra8 29. Ra1 Qa3 30. Rfc1 Ra7 31. Rc3 Qb4 32. a3 Qa5 33. Qe3 Nd7 34. Bf1 Qd8 35. g3 Nb6 36. Bh3 Ra4 $2 (36... Kg7 $16 {keeps fighting.} 37. Be6 Rf6) 37. Be6+ $18 Kg7 38. f4 $1 Rf6 39. f5 Rxe6 40. fxe6 Qc8 41. Rf1 Qxe6 42. Qf2 Nd7 43. b6 Ra8 44. b7 Rb8 45. Qb2 Nf6 46. a4 Qd7 47. Rb3 Qxa4 {[%emt 0:00:00] [#]} 48. Ra1 $1 ({Avoid the trap} 48. Qc2 $2 Rxb7 49. Rc3 Qxc2 50. Rxc2 Nxe4 $19) 48... Qc6 {[%emt 0:00:00] [#]} 49. Qb1 $1 Nd7 50. Ra2 h5 51. h3 Kf7 52. Ra7 Kg7 53. Kg2 Kf7 54. Rba3 Kg7 $2 (54... Rh8 55. R7a6 Qc7) 55. R3a6 $18 Qc7 56. Qb5 Qd8 57. Ra8 Qc7 58. Rxb8 Nxb8 59. Ra8 h4 60. gxh4 (60. Rxb8 $142 Qxb8 61. Qd7 (61. gxh4 Kf6 $18)) 60... e6 61. Rxb8 Qxb8 62. Qd7+ Kh6 63. Qc8 ({Inferior is} 63. Qxe6 Qxb7 64. Qg4 Qb2+ 65. Kg3 Qc1 $11) 1-0

[Event "BL 2024-25"]
[Site "Austria"]
[Date "2024.10.10"]
[Round "2.5"]
[White "Schnider, Gert"]
[Black "Balint, Peter"]
[Result "1/2-1/2"]
[Annotator "TA"]
[ECO "C76"]
[WhiteElo "2362"]
[BlackElo "2375"]
[PlyCount "65"]
[EventDate "2024.08.28"]
[EventType "team-tourn"]
[EventCountry "AUT"]
[SourceTitle "playchess.com"]
[Source "ChessBase"]
[SourceQuality "1"]
[WhiteTeam "Frauental"]
[BlackTeam "Ottakring"]
[TimeControl "40/5400+30:1800+30"]

1. e4 e5 2. Nf3 Nc6 3. Bb5 a6 4. Ba4 d6 5. O-O Bd7 6. c3 g6 7. d4 Bg7 8. Re1 Nge7 9. h3 O-O 10. Be3 b6 11. Nbd2 Qe8 12. dxe5 {[%emt 0:01:08] White is slightly better.} dxe5 13. Bc2 h6 14. a4 f5 15. exf5 gxf5 16. Nf1 Be6 17. Bb3 Qf7 18. Bxe6 Qxe6 19. Qe2 Ng6 20. Rad1 a5 21. Qb5 (21. Bc1 $11) 21... Rad8 $15 22. Bc1 e4 23. Rxd8 Rxd8 24. Ng3 {[%emt 0:03:25][%cal Bf1g3,Bg3h5,Bh5f4][%mdl 32] [#]} Nge5 (24... Rd5 $1 $17 25. Qe2 Qd7) 25. Nxe5 $11 Nxe5 26. Nh5 ({Not} 26. Bf4 $2 Nd3 27. Nxf5 (27. Qxf5 $2 {loses.} Qxf5 28. Nxf5 Nxe1 $19) (27. Bxc7 $2 {is the wrong capture.} Rd5 $19) 27... Nxe1 $19 (27... Nxf4 $2 28. Ng3 $19)) 26... Bh8 27. Nf4 {[%emt 0:06:00] The position is equal.} Qc4 28. Qxc4+ Nxc4 29. Kf1 Be5 30. g4 fxg4 31. hxg4 Nd2+ 32. Bxd2 Rxd2 33. Rxe4 {[%emt 0:01:33] Weighted Error Value: White=0.12 (very precise) /Black=0.12 (very precise) .  Mistake:       	White=1     	Black=1      Inaccurate:     	White=2     	---        OK:         	White=8     	Black=5      Best:        	White=2     	Black=1} 1/2-1/2

[Event "BL 2024-25"]
[Site "Austria"]
[Date "2024.10.10"]
[Round "2.10"]
[White "Rodshtein, Maxim"]
[Black "Kunin, Vitaly"]
[Result "1-0"]
[Annotator "TA"]
[ECO "A07"]
[WhiteElo "2613"]
[BlackElo "2528"]
[PlyCount "71"]
[EventDate "2024.08.28"]
[EventType "team-tourn"]
[EventCountry "AUT"]
[SourceTitle "playchess.com"]
[Source "ChessBase"]
[SourceQuality "1"]
[WhiteTeam "Linz"]
[BlackTeam "Feffernitz"]
[TimeControl "40/5400+30:1800+30"]

1. Nf3 d5 2. g3 Bg4 3. Bg2 Nd7 4. h3 Bxf3 5. Bxf3 c6 6. d3 e5 7. e4 dxe4 8. dxe4 {[%emt 0:00:14] White has an edge.} Bc5 9. Nd2 Ngf6 10. O-O Qc7 11. a4 O-O 12. Qe2 Rfd8 13. Nb3 Be7 14. Be3 Nf8 15. c3 Ne6 16. h4 Nd7 17. Bg4 Nec5 18. Nxc5 Nxc5 19. Qc4 b6 20. Rfd1 Rxd1+ {[%emt 0:01:43] Black is now going downhill.} (20... a5 $14) 21. Rxd1 $16 Rd8 {[%emt 0:00:09] [#]} 22. Rxd8+ $1 Qxd8 (22... Bxd8 $16 23. Bxc5 bxc5) 23. b4 $18 Qd3 24. Qxd3 Nxd3 $16 {[%emt 0:00:08][%mdl 4096] Endgame. KBB-KBN} 25. Bd7 c5 26. Bb5 Ne1 {[%emt 0:10:54] [#]} (26... Nb2 $142) 27. bxc5 $1 $18 ({Inferior is} 27. Kf1 Nc2 $11) 27... Bxc5 (27... bxc5 {was worth a try.} 28. Kf1 Nc2) 28. Bxc5 {[%emt 0:00:14] White is clearly winning.} bxc5 {[%emt 0:00:06] KB-KN} 29. Kf1 Nc2 30. Ke2 Na3 31. Ba6 f5 32. Kd2 fxe4 33. Kc1 e3 34. fxe3 Kf7 35. Kb2 Ke6 36. e4 {[%emt 0:00:14] Weighted Error Value: White=0.02 (flawless) /Black=0.44.  Mistake:       	---       	Black=4      Inaccurate:     	---       	Black=2      OK:         	White=8     	Black=8      Best:        	White=5     	---        Strong:       	White=2     	---} 1-0

[Event "BL 2024-25"]
[Site "Austria"]
[Date "2024.10.10"]
[Round "2.11"]
[White "Pajeken, Jakob Leon"]
[Black "Shimanov, Aleksandr"]
[Result "0-1"]
[Annotator "RC"]
[ECO "D24"]
[WhiteElo "2423"]
[BlackElo "2582"]
[PlyCount "196"]
[EventDate "2024.08.28"]
[EventType "team-tourn"]
[EventCountry "AUT"]
[SourceTitle "playchess.com"]
[Source "ChessBase"]
[SourceQuality "1"]
[WhiteTeam "Feffernitz"]
[BlackTeam "Linz"]
[TimeControl "40/5400+30:1800+30"]

1. d4 Nf6 2. Nf3 d5 3. c4 e6 4. Nc3 dxc4 5. e3 a6 6. a4 b6 7. Bxc4 Bb7 8. O-O Nc6 9. Qe2 Na5 10. Ba2 Bb4 11. Bd2 Qe7 12. Rac1 O-O 13. Ne5 Bd6 14. Nd3 Nc6 15. f3 Nb4 16. Bb1 Nxd3 17. Bxd3 e5 18. dxe5 Bxe5 19. Rfd1 Rfe8 20. Be1 c5 21. Bh4 Qc7 22. Bxf6 Bxf6 23. Be4 Bxe4 24. Nxe4 Be5 25. g3 h6 26. b4 f5 27. Nf2 Kh8 28. bxc5 bxc5 29. Rd5 Qb6 30. Qc4 Bf6 31. Qxc5 Qe6 32. Rd6 Qxe3 33. Qxe3 Rxe3 34. Nd3 Rd8 35. Rxd8+ Bxd8 36. Nf4 Bb6 37. Kg2 Ra3 38. Rc6 Ra2+ 39. Kf1 Be3 40. Rxa6 Rf2+ 41. Ke1 Rxh2 42. Ng6+ Kh7 43. Ne7 Bf2+ 44. Kd1 Bxg3 45. Nxf5 Be5 46. Re6 Bf6 47. Re2 Rh1+ 48. Re1 Rh5 49. Ne3 Ra5 50. Ng4 Bd4 51. Re4 Rxa4 52. Kc2 Ra2+ 53. Kb1 Ra1+ 54. Kc2 Bc5 55. Re5 Bd6 56. Re6 Bg3 57. Re7 Kg6 58. Ne3 h5 59. Kd3 Ra3+ 60. Ke2 Ra2+ 61. Kf1 h4 62. Re4 Rf2+ 63. Kg1 Rxf3 64. Kg2 Rf2+ 65. Kh3 Kh5 66. Ng4 Rf3 67. Re3 Rf4 68. Re5+ g5 69. Re8 Ra4 70. Rg8 Rf4 71. Ne5 Kh6 72. Rg6+ Kh5 73. Rg8 g4+ 74. Nxg4 Rf3 75. Kg2 Rf7 76. Kh3 Rf3 77. Kg2 Rf5 78. Kh3 Bd6 79. Rh8+ Kg5 80. Rg8+ Kf4 81. Nh6 Rd5 82. Nf7 Be7 83. Rg4+ Kf3 84. Rg1 Kf2 85. Rg4 Rf5 86. Rg2+ Kf1 87. Rg7 Rf3+ 88. Kh2 Bc5 89. Ng5 Bd6+ 90. Kh1 Rf2 91. Rf7 Bf4 92. Rxf4 Rxf4 93. Kh2 Rg4 94. Nf3 Rg2+ 95. Kh1 h3 96. Nd2+ Kf2 97. Nf3 Rg4 98. Ne5 Re4 0-1

[Event "BL 2024-25"]
[Site "Austria"]
[Date "2024.10.10"]
[Round "2.13"]
[White "Pechac, Jergus"]
[Black "Unuk, Laura"]
[Result "1/2-1/2"]
[Annotator "TA"]
[ECO "B10"]
[WhiteElo "2582"]
[BlackElo "2304"]
[PlyCount "83"]
[EventDate "2024.08.28"]
[EventType "team-tourn"]
[EventCountry "AUT"]
[SourceTitle "playchess.com"]
[Source "ChessBase"]
[SourceQuality "1"]
[WhiteTeam "Mistelbach"]
[BlackTeam "Pamhagen"]
[TimeControl "40/5400+30:1800+30"]

1. e4 c6 2. Nf3 d5 3. e5 Bg4 4. Be2 e6 5. O-O Ne7 6. d4 {[%emt 0:00:58] B10: Caro-Kann: 2 d3 and 2 c4.} Nf5 7. c3 Bxf3 8. Bxf3 c5 9. dxc5 $146 ({Predecessor:} 9. Bg4 g6 10. dxc5 Nd7 11. Bxf5 gxf5 12. b4 Nxe5 13. Be3 Bg7 14. Bd4 Rg8 15. g3 {½-½ Mary,P (2534)-Bericat,A (2307) ARG-ch22 email 2009}) 9... Nc6 10. b4 a5 11. c4 dxc4 (11... axb4 {simplifies} 12. cxd5 exd5 13. Qxd5 Qxd5 14. Bxd5 Rd8) 12. b5 (12. Bxc6+ $11 {keeps the balance.} bxc6 13. Qa4) 12... Nxe5 $17 13. Bxb7 Bxc5 $1 14. Qe2 (14. Bxa8 $2 Qxa8 15. Bg5 h6 $19) 14... Bd4 $1 15. Rd1 $2 (15. Bb2 $17 Rb8 16. Be4) 15... Bxa1 $2 (15... Ra7 $1 $19 16. Rxd4 Nxd4 (16... Qxd4 $2 17. Bb2 $19) 17. Qxe5 Rxb7) 16. Rxd8+ $17 Rxd8 17. Ba3 (17. Na3 $142 O-O 18. Bf4 (18. Nxc4 $2 Nxc4 19. g4 Nfd6 $19)) 17... Nd4 $1 $17 18. Qh5 (18. Qxe5 $2 Nf3+ 19. Bxf3 Bxe5 $19) (18. Qe1 $17 Nxb5 19. f4 Bd4+ 20. Kf1) 18... Nxb5 $19 19. Bc5 Nd6 20. Ba6 O-O 21. Na3 (21. h3 $142) 21... Rfe8 $19 22. h3 Nd3 $2 (22... Ne4 $19 23. Be3 g6) 23. Bb6 $17 Ra8 24. Qxa5 $2 (24. Nxc4 $17 Nxc4 25. Bxc4) 24... c3 (24... Bb2 $19 {is more deadly. Hoping for ...Bxa3.} 25. g4 Bxa3 26. Qxa3 Ne4) 25. Nc2 $17 Bb2 $1 (25... Nc4 26. Qb5 Nxb6 27. Nxa1 $17) 26. Bd4 Nf4 ({Black should play} 26... Nf5 $19 {Strongly threatening ...Nxd4.} 27. Bxc3 Bxc3 28. Qxc3 Rxa6 29. Qxd3 Rxa2) 27. Bxg7 (27. Qb6 $17 {keeps fighting.} Red8 28. Be5) 27... Kxg7 $2 ({Black should try} 27... e5 $19 28. Bh6 (28. Bxe5 $2 Nc4 $19) 28... Re6 29. Bxf4 exf4) 28. Qe5+ $15 Kg8 29. Qxd6 Nd5 (29... Ng6 $11) 30. Bd3 Rxa2 31. Qg3+ Kf8 $1 32. Qd6+ Kg8 33. f4 Raa8 34. f5 Rad8 (34... Bc1 $11 35. fxe6 fxe6) 35. Qg3+ $1 $16 Kf8 36. Qg5 exf5 {[%emt 0:00:11] [#]} (36... Rd6 $16) 37. Qh6+ $1 $18 Ke7 ({Don't blunder} 37... Kg8 $2 38. Bxf5 $18) 38. Nd4 $1 f6 (38... Ba3 $16 39. Nxf5+ (39. Bxf5 $2 {perishes.} Bc5 $19) 39... Kd7) 39. Nxf5+ $18 Kd7 40. Bb5+ $2 (40. Qxh7+ $18 Ke6 41. Qb7) 40... Kc7 $16 {[%emt 0:00:39] [#]} 41. Ba4 (41. Qxh7+ Kb6 42. Ba4 Re1+ 43. Kf2 Ra1 $17) ({White must play} 41. Qh4 $1 $16 {[%cal Rh4c4] White wants to mate with Qc4+.} Re6 42. Qc4+ Kb6 43. Qb3) 41... Ba3 42. Kh2 $2 (42. Qh4 $1 $11 {and White is okay.} Bc5+ 43. Kh2) 1/2-1/2

[Event "BL 2024-25"]
[Site "Austria"]
[Date "2024.10.10"]
[Round "2.14"]
[White "Vitouch, Anatol"]
[Black "Kraus, Tomas"]
[Result "1/2-1/2"]
[Annotator "TA"]
[ECO "E16"]
[WhiteElo "2287"]
[BlackElo "2461"]
[PlyCount "61"]
[EventDate "2024.08.28"]
[EventType "team-tourn"]
[EventCountry "AUT"]
[SourceTitle "playchess.com"]
[Source "ChessBase"]
[SourceQuality "1"]
[WhiteTeam "Pamhagen"]
[BlackTeam "Mistelbach"]
[TimeControl "40/5400+30:1800+30"]

1. Nf3 d5 2. d4 Nf6 3. c4 e6 4. g3 Bb4+ 5. Nbd2 O-O 6. Bg2 b6 7. O-O Bb7 8. Ne5 Qc8 9. cxd5 Bxd5 10. e4 Bb7 11. Qe2 {[%emt 0:15:41] The position is equal.} Nbd7 12. Nec4 a5 13. a3 Be7 14. b3 Ra7 15. Re1 Qa8 16. Nb1 (16. a4 $14) 16... b5 $11 17. Ncd2 b4 18. Bb2 c5 19. Nc4 cxd4 20. Bxd4 Ra6 21. a4 (21. axb4 $11 {is more appropriate.} Bxb4 22. Nbd2) 21... Bc5 (21... Rd8 $15 {is superior.}) 22. Bb2 Qa7 23. Nbd2 Rd8 24. Rad1 h6 {[%emt 0:00:32] [#]} (24... Qa8 $11) 25. h3 (25. e5 $1 $16 Bxg2 26. Kxg2 (26. exf6 Ba8 $14) 26... Qa8+ 27. Kg1) 25... Qa8 26. Ne3 ({Better is} 26. Kh2 $14) 26... Be7 27. e5 Nh7 (27... Nd5 $11) 28. Bxb7 $14 Qxb7 29. Nf3 {[%emt 0:02:45] White is slightly better.} Nc5 30. Rxd8+ Bxd8 31. Nd4 {[%emt 0:01:36] Weighted Error Value: White=0.18 (very precise) /Black=0.19 (very precise) .  Mistake:       	White=4     	Black=3      Inaccurate:     	White=1     	Black=3      OK:         	White=8     	Black=5      Best:        	White=1     	---} 1/2-1/2

[Event "BL 2024-25"]
[Site "Austria"]
[Date "2024.10.10"]
[Round "2.17"]
[White "Bures, Jaroslav"]
[Black "Horvath, Maria"]
[Result "1-0"]
[Annotator "TA"]
[ECO "C06"]
[WhiteElo "2407"]
[BlackElo "1893"]
[PlyCount "85"]
[EventDate "2024.08.28"]
[EventType "team-tourn"]
[EventCountry "AUT"]
[SourceTitle "playchess.com"]
[Source "ChessBase"]
[SourceQuality "1"]
[WhiteTeam "Mistelbach"]
[BlackTeam "Pamhagen"]
[TimeControl "40/5400+30:1800+30"]

1. e4 e6 2. d4 d5 3. Nd2 Nf6 4. e5 Nfd7 5. c3 c5 6. Bd3 Nc6 7. Ne2 cxd4 8. cxd4 Qb6 9. Nf3 Bb4+ 10. Kf1 a5 (10... Be7 $11) 11. h4 f6 $1 12. Nf4 fxe5 {[%emt 0:25:26] White is slightly better.} 13. dxe5 (13. Nxe6 $16 e4 14. Bf4 (14. Nxg7+ Kf8 $11) 14... exf3 15. a3 (15. Qxf3 Nf6 $11)) 13... Nf8 (13... Ncxe5 $14 14. Nxe5 Nxe5) 14. Nh5 ({Better is} 14. Be3 $18 Bc5 15. Bxc5 Qxc5 16. g3) 14... Rg8 15. Rh3 {[%emt 0:08:24][%cal Bh1h3,Bh3g3,Bg3g8,Bg8g5,Bg5e5][%mdl 32] And now Rg3 would win.} Bd7 16. Rg3 $36 {[%emt 0:02:51][%cal Oc1e3][%mdl 2048] White has strong initiative.} O-O-O 17. Be3 {[%emt 0:04:36] White is more active.} (17. Nxg7 $6 Bc5 $16) 17... Bc5 {[%emt 0:02:59] A mistake that costs the game.} (17... d4 $16) 18. Bxc5 $18 (18. Nxg7 Bxe3 19. fxe3 Ng6 $19) (18. Rxg7 Rxg7 19. Bxc5 Qxc5 $16) 18... Qxc5 19. Nf6 (19. Rxg7 Rxg7 20. Nxg7 Qb4 $16) ({But not} 19. Nxg7 $6 Kb8 $16) 19... gxf6 20. Rxg8 Kb8 (20... fxe5 $142 21. Rc1 Qb4) 21. exf6 e5 22. Rg5 Qd6 23. Rc1 h6 {[%emt 0:01:39] [#]} 24. Rxc6 $1 Bxc6 (24... Qxc6 25. Rxe5) 25. Rxe5 Qxf6 26. Qe2 d4 27. Rxa5 Bxf3 (27... Ng6 $142 28. Rf5 Qd6) 28. gxf3 Nd7 29. Qe4 Rc8 30. b4 {[%emt 0:01:58] Prevents Nc5} Rc1+ 31. Kg2 {[%emt 0:00:39] [#] Qe8+ is the strong threat.} Qg7+ (31... Nb6 $142 32. h5 Qd6) 32. Qg4 Qxg4+ 33. fxg4 {[%emt 0:00:01][%mdl 4096] Endgame. KRB-KRN} Rd1 34. Bf5 Kc7 35. g5 hxg5 36. hxg5 Kd6 37. Bxd7 Kxd7 {[%emt 0:00:24] KR-KR} 38. g6 {[%emt 0:00:01] g7 would kill now.} Ke7 39. Rf5 {[%emt 0:00:05] Threatening mate with g7.} d3 40. g7 {[%emt 0:00:12] White mates.} d2 41. g8=Q (41. g8=R Rg1+ 42. Kxg1 d1=Q+ 43. Kg2 Qc2 $18) 41... Rg1+ 42. Kxg1 d1=Q+ 43. Kg2 {[%emt 0:00:07] Weighted Error Value: White=0.27 (precise) /Black=0.64.  Mistake:       	White=2     	Black=5      Inaccurate:     	White=2     	---        OK:         	White=8     	Black=8      Best:        	White=2     	Black=1      Strong:       	---       	Black=1} 1-0